 Dungeon Crawl Stone Soup version 0.31-a0-986-g5e6e4ef867 (webtiles) character file.

Game seed: 12629792788831574001

196 timneilson the Ruffian (level 5, 0/35 HPs)
             Began as an Octopode Shapeshifter on Nov 4, 2023.
             Killed from afar by an orc wizard (10 damage)
             ... with a puff of flame
             ... on level 3 of the Dungeon.
             The game lasted 00:03:04 (2300 turns).

timneilson the Ruffian (Octopode Shapeshifter)      Turns: 2300, Time: 00:03:04

Health: 0/35       AC:  1    Str: 15    XL:     5   Next: 75%
Magic:  6/7        EV: 14    Int: 13    God:
Gold:   158        SH:  0    Dex: 17    Spells: 6/6 levels left

rFire   . .          .
                       - Unarmed
rCold   . . .        (no shield)
rNeg    . . .        (helmet currently unavailable)
rPois   .            (no amulet)
rElec   .            k - +6 ring of dexterity
rCorr   .            (no ring)
SInv    .            (no ring)
Will    .....        (no ring)
Stlth   +++          (no ring)
HPRegen 0.25/turn    (no ring)
MPRegen 0.10/turn    (no ring)
                     (no ring)

%: no passive effects
@: beast-form
A: beast (slay +2), almost no armour, amphibious, 8 rings, camouflage 1,
gelatinous body 1, (nimble swimmer 1), tentacles
a: Begin Untransformation


You were on level 3 of the Dungeon.
You were a hulking beast.
You visited 1 branch of the dungeon, and saw 3 of its levels.

You collected 158 gold pieces.

Inventory:

Jewellery
 k - a +6 ring of dexterity (left tentacle)
Talismans
 b - a beast talisman
 c - a flux talisman
Scrolls
 e - 6 scrolls of teleportation
 h - a scroll of poison
 i - a scroll of noise {unknown}
Potions
 a - 2 potions of lignification
 d - 2 potions of ambrosia {unknown}
 f - a potion of magic {unknown}
 g - 2 potions of mutation {unknown}
 j - a potion of heal wounds {unknown}
 l - a potion of attraction {unknown}


   Skills:
 * Level 2.4 Fighting
 * Level 2.9 Dodging
 + Level 2.1 Stealth
 * Level 3.9 Unarmed Combat
 + Level 1.4 Spellcasting
 * Level 3.6 Shapeshifting


You had 6 spell levels left.
You didn't know any spells.
Your spell library was empty.

Dungeon Overview and Level Annotations

Branches:
Dungeon (3/15)

Altars:
Trog


Innate Abilities, Weirdness & Mutations

You are a hulking beast.
Your limbs bulge with bestial killing power. (Slay +2)
You cannot wear most types of armour.
You are amphibious.
You can wear up to eight rings at the same time.
Your skin changes colour to match your surroundings (Stealth+).
Your rubbery body absorbs attacks. (AC +1, EV +1)
((You are camouflaged when in or above water. (Stealth+)))
You have tentacles for arms and can constrict up to eight enemies at once.


Message History

You constrict the howler monkey.
An orc priest comes into view. It is wielding a +0 trident.
The howler monkey misses you.
You tentacle-slap the howler monkey.
You kill the howler monkey!
An orc comes into view. It is wielding a +0 club.
Your Stealth skill increases to level 2!
An orc wizard comes into view. It is wielding a +0 dagger.
The orc priest barely misses you.
You tentacle-slap the orc priest. You grab the orc priest.
The orc priest is lightly wounded.
You constrict the orc priest. The orc priest barely misses you.
The orc closely misses you.
You tentacle-slap the orc priest.
The orc priest is severely wounded.
You constrict the orc priest.
The orc priest calls down the wrath of Beogh upon you.
Beogh smites you! The orc hits you with a +0 club.
* * * LOW HITPOINT WARNING * * *
You tentacle-slap the orc priest.
You kill the orc priest!
The orc barely misses you.
The orc wizard mumbles some strange words.
The orc wizard flickers and vanishes!
Deactivating autopickup; reactivate with Ctrl-A.
You tentacle-slap the orc but do no damage.
You grab the orc. Your squeeze misses the orc. You constrict the orc.
A kobold comes into view. It is wielding a +0 dagger.
The orc hits you with a +0 club.
* * * LOW HITPOINT WARNING * * *
You bludgeon the orc!
You kill the orc!
You miss something.
You hear some strange, mumbled words.
Something tries to affect you, but you resist.
You tentacle-slap something.
You hear some strange, mumbled words.
A puff of flame appears from out of thin air!
The puff of flame hits you!
You die...

.#####...####
#....##
............#
#... #.###..###.#
#### #.>...# # #
# #.###.# # #
#.#.#. #.##.####
#
#.....###........
#.....{...##.####
.###.#h.## #
......)..#
#.....#.##
........#
#.<...### #.....
#####


There were no monsters in sight!

Vanquished Creatures
  A howler monkey (D:3)
  An orc priest (D:3)
  An orc wizard (D:3)
  3 adders
  4 dart slugs
  5 orcs (D:3)
  3 endoplasms
  2 giant cockroaches
  9 goblins
  8 hobgoblins
  6 jackals
  6 kobolds
  A quokka (D:2)
  A ball python (D:3)
  4 bats
  A frilled lizard (D:1)
  5 rats
61 creatures vanquished.

Notes
Turn   | Place    | Note
-------+----------+-------------------------------------------
     0 | D:1      | timneilson the Octopode Shapeshifter began the quest for
                  | the Orb.
     0 | D:1      | Reached XP level 1. HP: 13/13 MP: 1/1
   257 | D:1      | Reached XP level 2. HP: 18/18 MP: 2/2
   663 | D:1      | Reached skill level 1 in Stealth
   663 | D:1      | Reached XP level 3. HP: 23/23 MP: 3/3
  1335 | D:2      | Reached skill level 1 in Spellcasting
  1335 | D:2      | Reached XP level 4. HP: 18/29 MP: 5/5
  1881 | D:3      | Found a bloodstained altar of Trog.
  2235 | D:3      | Reached XP level 5. HP: 27/34 MP: 6/6
  2300 | D:3      | Killed from afar by an orc wizard

Illustrated notes

Levels and vault maps discovered:
D:1:      shiori_shiawase, layout_loops_corners, kennysheep_boxes
D:2:      layout_loops_ring, minmay_misc_feat_room
D:3:      layout_loops_ring, mainiacjoe_overflow_24_doors,
          kennysheep_generic_room_15

Skill      XL: |  1  2  3  4  5 |
---------------+----------------+-----
Stealth        | 1 2 |  2.1
Spellcasting   | 1 |  1.4
Fighting       | 2 |  2.4
Dodging        | |  2.9
Unarmed Combat | |  3.9
Shapeshifting  | |  3.6

Action                     |  1- 3 |  4- 6 || total
---------------------------+-------+-------++-------
  Melee: Unarmed           |    70 |    50 ||   120
         Constrict         |    20 |    15 ||    35
         Tentacles         |    12 |     6 ||    18
    Use: Scroll            |     3 |     2 ||     5
   Stab: Sleeping          |     8 |     4 ||    12
 Armour: Skin              |    23 |    16 ||    39
  Dodge: Dodged            |    26 |    28 ||    54

Table legend: (Time is in decaauts)
 A = Elapsed time spent in this place.
 B = Non-inter-level travel time spent in this place.
 C = Inter-level travel time spent in this place.
 D = Time resting spent in this place.
 E = Time spent auto-exploring this place.
 F = Levels seen in this place.
 G = Mean time per level.
                   A        B        C        D        E       F      G
               +--------+--------+--------+--------+--------+-----+--------+
         Total |   2291 |   2236 |     55 |      0 |   1789 |   3 |  763.7 |
       Dungeon |   2291 |   2236 |     55 |      0 |   1789 |   3 |  763.7 |
               +--------+--------+--------+--------+--------+-----+--------+

Top non-repeatable levels by time:
     D:1: 984 daAuts
     D:2: 813 daAuts
     D:3: 493 daAuts
